Map: Lost and Found LE

Players

GOStephano (Stephano) - Winner!

  • Race: Zerg Zerg
  • League: Master
  • Spawn Location: 7:00

lIIllllIIlll (INnoVation)

  • Race: Terran Terran
  • League: Master
  • Spawn Location: 1:00

Event: HomeStory Cup XVII

VOD

Have the link to the VOD?

Description

Time

  • Played on: July 1, 2018, 11:53 a.m.
  • Length: 3:53

All games in this series

Show
View Real Time Build Order
Export as new Build Order

GOStephano Zerg - Winner!

Build Orders: Pool First 

Get SALT Encoding   

  12  0:00  Drone  
  13  0:13  Overlord  
  13  0:17  Drone  
  14  0:31  Drone x2  
  14  0:35  Drone  
  17  0:45  Spawning Pool  
  17  0:47  Drone  
  17  1:07  Hatchery  
  17  1:10  Drone  
  17  1:24  Extractor  
  16  1:32  Queen, Zergling x6  
  22  1:37  Spine Crawler  
  21  1:43  Overlord  
  21  1:56  Zergling x2  
  22  2:06  Zergling x2  
  22  2:08  Queen  
  25  2:17  Zergling x2  
  25  2:20  Spine Crawler  
  23  2:32  Queen  
  23  2:34  Zergling x6  
  26  2:38  Drone  
  26  2:40  Drone x2  
  29  2:46  Overlord  
  29  2:50  Drone  
  30  2:54  Drone  
  30  2:58  Drone  
  32  3:04  Drone x2  
  34  3:11  Drone x2  
  34  3:12  Drone  
  35  3:23  Zergling x8  
  31  3:29  Zergling x2  
  31  3:33  Zergling x4  
Show
View Real Time Build Order
Export as new Build Order

lIIllllIIlll Terran 

Build Orders:  

Get SALT Encoding   

  12  0:00  SCV  
  13  0:12  SCV  
  14  0:18  Supply Depot  
  14  0:25  SCV  
  15  0:39  Barracks  
  15  0:50  Barracks  
  15  1:04  Barracks  
  15  1:08  SCV  
  17  1:26  Orbital Command, Marine  
  17  1:37  Marine  
  17  1:39  Supply Depot  
  18  1:45  Bunker  
  18  1:48  Marine  
  18  1:53  Marine  
  20  1:57  Marine  
  21  2:03  Bunker  
  21  2:06  Marine  
  22  2:09  Bunker  
  22  2:12  Marine  
  22  2:15  Marine  
  24  2:24  Marine  
  24  2:30  Marine  
  24  2:33  Marine  
  24  2:42  Marine  
  25  2:44  Supply Depot  
  25  2:48  Marine  
  25  2:50  Marine  
  27  3:00  Marine  
  28  3:06  Marine  
  28  3:08  Marine  
  30  3:17  Marine  
  25  3:25  Marine  
  13  3:31  Marine  
Tags
 
Add a new tag
Caveats
  • Supply blocks, unpowered buildings, or Contaminate may cause inaccurate times.
  • Supply counts are checked every 10 seconds.